 Dungeon Crawl Stone Soup version 0.27.1-3-gb3d3a73c9e (webtiles) character file.

Game seed: 11133031020638171145

2027 unlimited1921 the Fighter (level 9, -5/97 HPs)
             Began as a Troll Hunter on Oct 30, 2021.
             Slain by an iguana (7 damage)
             ... on level 6 of the Dungeon.
             The game lasted 00:49:44 (6156 turns).

unlimited1921 the Fighter (Troll Hunter)            Turns: 6156, Time: 00:49:45

Health: -5/97      AC:  5    Str: 24    XL:     9   Next: 3%
Magic:  8/8        EV: 10    Int:  7    God:
Gold:   224        SH:  0    Dex: 11    Spells: 6/8 levels left

rFire    . . .     SeeInvis .   o - +1 short sword (drain)
rCold    . . .     Faith    .   (no shield)
rNeg     . . .     Spirit   .   c - +0 robe
rPois    .         Reflect  .   t - +1 hat
rElec    .         Harm     .   (no cloak)
rCorr    .         Rampage  .   (gloves unavailable)
Will     +....                  (boots unavailable)
Stlth    +.........             (no amulet)
HPRegen  1.26/turn              K - ring of willpower
MPRegen  0.11/turn              (no ring)

@: invisible
A: large, unfitting armour, claws 3, regeneration 1, shaggy fur 1, tough skin 1
a: no special abilities


You were on level 6 of the Dungeon.
You visited 1 branch of the dungeon, and saw 6 of its levels.
You also visited: Sewer.

You collected 224 gold pieces.

Inventory:

Hand Weapons
 a - a +1 hand crossbow
 b - a +0 hunting sling
 g - a +0 rapier
 h - a +0 flail
 n - a +0 scythe
 o - a +1 short sword of draining (weapon)
 x - a +0 war axe
 D - a +1 whip of flaming
 H - a +0 war axe
Missiles
 d - 20 bolts
 f - 29 sling bullets
 m - 14 boomerangs
 r - 135 arrows
 B - a throwing net
 C - 4 boomerangs of dispersal
 E - 71 stones
 F - 46 poisoned darts
Armour
 c - a +0 robe (worn)
 t - a +1 hat (worn)
Magical Staves
 l - a staff of cold
Jewellery
 y - a ring of fire
 K - a ring of willpower (left claw)
Wands
 G - a wand of flame (28) (quivered)
Scrolls
 i - 2 scrolls of noise {unknown}
 k - 3 scrolls of fog {unknown}
 q - 3 scrolls of teleportation {unknown}
 u - a scroll of immolation
 w - a scroll of summoning {unknown}
 J - a scroll of brand weapon {unknown}
 L - 3 scrolls of enchant armour {unknown}
Potions
 e - a potion of lignification
 j - a potion of ambrosia
 p - a potion of attraction
 s - a potion of magic
 v - a potion of curing
 z - a potion of invisibility
 A - a potion of might
 M - 2 potions of degeneration {unknown}


   Skills:
 * Level 8.7 Fighting
 - Level 0.3 Short Blades
 - Level 3.0 Crossbows
 - Level 2.3 Throwing
 - Level 4.0 Dodging
 - Level 1.0 Stealth
 + Level 0.2 Evocations


You had 6 spell levels left.
You knew the following spells:

 Your Spells              Type           Power      Damage    Failure   Level
a - Call Imp              Summ           0%         N/A       56%         2

Your spell library contained the following spells:

 Spells                   Type           Power      Damage    Failure   Level
 Apportation              Tloc           0%         N/A       43%         1
 Corona                   Hex            0%         N/A       43%         1
 Magic Dart               Conj           0%         1d3       43%         1
 Pain                     Necr           0%         1d4       43%         1
 Corpse Rot               Necr/Air       N/A        N/A       56%         2
 Ensorcelled Hibernation  Hex/Ice        0%         N/A       56%         2
 Mephitic Cloud           Conj/Pois/Air  0%         N/A       80%         3
 Ozocubu's Armour         Ice            0%         N/A       80%         3
 Spider Form              Tmut/Pois      0%         N/A       80%         3
 Stone Arrow              Conj/Erth      0%         3d7       80%         3
 Tukima's Dance           Hex            0%         N/A       80%         3
 Dispel Undead            Necr           0%         3d6       99%         4
 Agony                    Necr           0%         N/A       100%        5
 Alistair's Intoxication  Tmut/Pois      0%         N/A       100%        5
 Bolt of Magma            Conj/Fire/Erth 0%         4d4       100%        5
 Excruciating Wounds      Necr           0%         N/A       100%        5
 Death Channel            Necr           0%         N/A       100%        6
 Invisibility             Hex            0%         N/A       100%        6
 Shadow Creatures         Summ           N/A        N/A       100%        6
 Ozocubu's Refrigeration  Ice            0%         4d5       100%        7
 Shatter                  Erth           0%         3d5*      100%        9


Dungeon Overview and Level Annotations

Branches:
Dungeon (6/15)              Sewer (visited)
 Temple: D:4-7

Altars:
Hepliaklqana
Makhleb
Uskayaw
Wu Jian

Annotations:
D:6 Menkaure


Innate Abilities, Weirdness & Mutations

You are too large for most types of armour.
You have claws for hands.
Your natural rate of healing is unusually fast.
You are covered in fur. (AC +1)
You have tough skin. (AC +1)


Message History

You hit the wyvern zombie.
The wyvern zombie is moderately damaged.
The wyvern zombie bites you!
You barely miss the wyvern zombie.
The wyvern zombie is moderately damaged.
The wyvern zombie closely misses you.
The iguana bites you but does no damage.
The wyvern zombie bites you!
You are too injured to fight recklessly!
Menkaure calls on the powers of darkness!
The iguana convulses!
Your body is wracked with pain!
* * * LOW HITPOINT WARNING * * *
Menkaure gestures at you while chanting.
Pain shoots through your body!
* * * LOW HITPOINT WARNING * * *
Press: ? - help, v - describe, . - travel The floor.
Unknown command.
Unknown command.
Press: ? - help, v - describe, . - travel
Here: Menkaure (fast)
The floor.
Menkaure hits you.
* * * LOW HITPOINT WARNING * * *
The iguana barely misses you. Menkaure closely misses you.
Menkaure calls on the powers of darkness!
Your body is wracked with pain!
* * * LOW HITPOINT WARNING * * *
The iguana convulses!
Menkaure calls on the powers of darkness!
The iguana convulses!
Your body is wracked with pain!
* * * LOW HITPOINT WARNING * * *
Menkaure calls on the powers of darkness!
The iguana convulses!
Your body is wracked with pain!
* * * LOW HITPOINT WARNING * * *
You fade into invisibility!
The wyvern zombie bites you!
* * * LOW HITPOINT WARNING * * *
The iguana bites you!
You die...

........................
........................
........................
........................
........................
........................
........................
........................
.......@lM..............
....####Z...............
#.. #.......8....#######
## #.#...8...8..# #
#............##### #
..._..8.....8.....# #
.#................# #
#.#...8...8......# #
##### #.......8....#####
#


You could see Menkaure (fast), an iguana and a wyvern zombie.

Vanquished Creatures
  Pikel (D:4)
  The ghost of Daunt the Spear-Bearer, an amateur MfAK of Lugonu (D:5)
  Sigmund (D:2)
  A sky beast (D:5)
  A black bear (D:4)
  2 ogres (D:5)
  A gnoll sergeant (D:5)
  3 scorpions
  A water moccasin skeleton (D:5)
  A jelly (D:6)
  2 hounds
  A bullfrog skeleton (D:5)
  An orc priest (D:6)
  2 centaur skeletons
  Jessica (D:2)
  3 iguanas
  3 orc wizards
  Robin (D:2)
  5 gnolls
  5 adders
  A river rat (Sewer)
  2 worms
  5 dart slugs
  17 orcs
  8 ball pythons
  8 endoplasms
  3 giant cockroaches
  11 goblins
  12 hobgoblins
  A jackal (D:2)
  7 kobolds
  2 quokkas (D:2)
  8 bats
  3 frilled lizards
  5 rats
130 creatures vanquished.

Notes
Turn   | Place    | Note
-------+----------+-------------------------------------------
     0 | D:1      | unlimited1921 the Troll Hunter began the quest for the Orb.
     0 | D:1      | Reached XP level 1. HP: 19/19 MP: 0/0
   234 | D:1      | Reached XP level 2. HP: 28/28 MP: 1/1
   465 | D:1      | Reached skill level 2 in Fighting
   592 | D:1      | Reached XP level 3. HP: 35/35 MP: 2/2
   707 | D:1      | Found a faded altar of an unknown god.
   819 | D:1      | Learned a level 2 spell: Call Imp
   955 | D:2      | Noticed Robin
   963 | D:2      | Noticed Jessica
   998 | D:2      | Killed Robin
  1055 | D:2      | Killed Jessica
  1056 | D:2      | Reached XP level 4. HP: 40/42 MP: 3/3
  1074 | D:2      | Reached skill level 3 in Fighting
  1167 | D:2      | Noticed Sigmund
  1190 | D:2      | Killed Sigmund
  1191 | D:2      | Reached XP level 5. HP: 43/54 MP: 4/4
  1241 | D:2      | Reached skill level 4 in Fighting
  2066 | D:2      | Found a burning altar of Makhleb.
  2133 | D:2      | Reached XP level 6. HP: 62/62 MP: 5/5
  3140 | D:3      | Found a hazy altar of Hepliaklqana.
  3202 | D:4      | Found a glowing drain.
  3221 | Sewer    | Entered a sewer
  3306 | D:4      | Reached skill level 1 in Stealth
  3507 | D:4      | Noticed Pikel
  3591 | D:4      | Killed Pikel
  3592 | D:4      | Reached skill level 5 in Fighting
  3592 | D:4      | Reached skill level 1 in Throwing
  3592 | D:4      | Reached XP level 7. HP: 41/72 MP: 6/6
  4057 | D:4      | Reached skill level 6 in Fighting
  4057 | D:4      | Reached XP level 8. HP: 65/83 MP: 7/7
  4354 | D:5      | Entered Level 5 of the Dungeon
  4371 | D:5      | HP: 3/83 [gnoll sergeant (6)]
  4726 | D:5      | Reached skill level 7 in Fighting
  5044 | D:5      | Reached skill level 8 in Fighting
  5095 | D:5      | Found a runed translucent door.
  5103 | D:5      | Noticed Daunt's ghost (amateur MfAK)
  5177 | D:5      | Killed Daunt's ghost
  5711 | D:6      | Reached XP level 9. HP: 89/97 MP: 8/8
  5757 | D:6      | Found a hide-covered altar of Uskayaw.
  6082 | D:6      | Found an ornate altar of the Wu Jian Council.
  6126 | D:6      | Noticed Menkaure
  6156 | D:6      | HP: 2/97 [wyvern zombie (9)]
  6156 | D:6      | Slain by an iguana

Illustrated notes

Levels and vault maps discovered:
D:1:      minmay_arrival_hallway, layout_loops_ring,
          hellmonk_ecumenical_altar_inner_sanctum, minmay_pentomino_r2
D:2:      minmay_inner_zag, layout_basic, basic_altar, minmay_cut_off,
          uniq_robin, uniq_sigmund, uniq_jessica
D:3:      layout_loops_corners, lemuel_round_altar
D:4:      layout_loops_ring, portal_sewer_entry_a, minmay_misc_feat_nine_boxes,
          st_stairs_12, grunt_decor_fettered, minmay_circle_x, uniq_pikel
D:5:      layout_basic, enter_ossuary_5, ebering_ghost_reflecting_pool
D:6:      layout_basic, nicolae_uskayaw_dance_hall, nzn_wu_jian_council_hall,
          temple_fountains, serial_shops, nicolae_diamond_shop,
          minmay_misc_feat_rows, uniq_duvessa, uniq_menkaure

Skill      XL: |  1  2  3  4  5  6  7  8 |
---------------+-------------------------+-----
Crossbows      | 3 |  3.0
Fighting       | 2 3 4 5 6 8 |  8.7
Dodging        | 2 3 4 |  4.0
Stealth        | 1 |  1.0
Throwing       | 1 2 |  2.3
Short Blades   | |  0.3
Evocations     | |  0.2

Action                   |  1- 3 |  4- 6 |  7- 9 || total
-------------------------+-------+-------+-------++-------
Melee: Short sword       |    16 |   202 |   185 ||   403
       Rapier            |   120 |    18 |       ||   138
 Fire: Hand crossbow     |     1 |       |       ||     1
Throw: Boomerang         |       |     1 |       ||     1
       Dart              |       |       |    15 ||    15
Evoke: Wand              |       |       |     3 ||     3
  Use: Scroll            |       |     5 |     3 ||     8
       Potion            |       |       |     1 ||     1
 Stab: Sleeping          |       |     5 |       ||     5
Armor: Robe              |    44 |    30 |    86 ||   160
       Animal skin       |       |    22 |       ||    22
Dodge: Dodged            |    54 |   118 |   127 ||   299
